 Dungeon Crawl Stone Soup version 0.26-a0-611-g354ed81502 (webtiles) character file.

Game seed: 15179880202914882189

2 Descartes the Sneak (level 1, -1/10 HPs)
             Began as a Felid Delver on Sept 5, 2020.
             Slain by a worker ant zombie (4 damage)
             ... on level 5 of the Dungeon.
             The game lasted 00:00:27 (45 turns).

Descartes the Sneak (Felid Delver)                    Turns: 45, Time: 00:00:28

Health: -1/10      AC:  1    Str:  8    XL:     1   Next: 25%
Magic:  2/2        EV: 18    Int: 11    God:
Gold:   0          SH:  0    Dex: 17    Spells: 0/0 levels left
                                        Lives:  0   Deaths: 0

rFire    . . .     SeeInvis +     - Unarmed
rCold    . . .     Faith    .   (shield unavailable)
rNeg     . . .     Spirit   .   (armour unavailable)
rPois    .         Reflect  .   (helmet unavailable)
rElec    .         Harm     .   (cloak unavailable)
rCorr    .                      (gloves unavailable)
MR       .....                  (boots unavailable)
Stlth    ++++......             (no amulet)
HPRegen  0.03/turn              (no ring)
MPRegen  0.08/turn              (no ring)

@: quick
A: very small, no armour, no weapons or thrown items, stealth, claws 1, fangs 3,
see invisible, speed 1, shaggy fur 1, sharp paws
a: no special abilities


You were on level 5 of the Dungeon.
You visited 1 branch of the dungeon, and saw 1 of its levels.

Inventory:

Wands
 e - a wand of digging (3)
 f - a wand of acid (7)
Scrolls
 a - a scroll of fog
 b - 2 scrolls of magic mapping
 c - a scroll of fear
Potions
 d - a potion of haste


   Skills:
 - Level 3.0 Fighting
 - Level 2.6 Dodging
 + Level 6.7 Stealth
 - Level 2.0 Unarmed Combat


You couldn't memorise any spells.
You didn't know any spells.
Your spell library was empty.

Dungeon Overview and Level Annotations

Branches:
Dungeon (5/15)
 Temple: D:4-7

Altars:
Elyvilon
Qazlal
Sif Muna
Uskayaw


Innate Abilities, Weirdness & Mutations

You cannot wear armour.
You are incapable of wielding weapons or throwing items.
Your paws allow you to move quietly. (Stealth)
You have sharp claws.
You have razor-sharp teeth.
You have supernaturally acute eyesight. (SInv)
You cover ground quickly.
You are covered in fur. (AC +1)
Your sharp claws are effective at attacking unaware monsters.


Message History

You see here a wand of acid (7).
f - a wand of acid (7)
Found 15 gold pieces.
Found a hide-covered altar of Uskayaw.
The worker ant zombie closely misses you.
You scratch the worker ant zombie.
The worker ant zombie is lightly damaged.
The worker ant zombie barely misses you.
You scratch the worker ant zombie.
You bite the worker ant zombie, but do no damage.
The worker ant zombie is lightly damaged.
You barely miss the worker ant zombie. You bite the worker ant zombie.
The worker ant zombie is moderately damaged.
The worker ant zombie completely misses you.
You scratch the worker ant zombie. You bite the worker ant zombie.
The worker ant zombie is heavily damaged.
The worker ant zombie barely misses you.
You barely miss the worker ant zombie.
The worker ant zombie is heavily damaged.
The worker ant zombie bites you.
You die...

#.# #.# #.# ..##
#.# #.# ...# #o#
#.##...### #.#
#...._...# #.#
#........## #.#
#..........
#.#####._.Z⌠.._..
#.).....o@....$..
######......$....
##...._...##
####...### ####


You could see an orc and a worker ant zombie.

Vanquished Creatures
  An orc (D:5)
1 creature vanquished.

Notes
Turn   | Place    | Note
-------+----------+-------------------------------------------
     0 | D:5      | Descartes the Felid Delver began the quest for the Orb.
     0 | D:5      | Reached XP level 1. HP: 10/10 MP: 2/2
     2 | D:5      | Noticed an orc wizard
     3 | D:5      | Noticed an orc priest
    19 | D:5      | Found a white marble altar of Elyvilon.
    34 | D:5      | Found a stormy altar of Qazlal.
    35 | D:5      | Found a shimmering blue altar of Sif Muna.
    38 | D:5      | Found a hide-covered altar of Uskayaw.
    45 | D:5      | Slain by a worker ant zombie

Illustrated notes

Levels and vault maps discovered:
D:5:      layout_basic, old_standard_altar, grunt_temple_overflow_open

Action                   || total
-------------------------++-------
Melee: Unarmed           ||    12
       Bite              ||     4
Dodge: Dodged            ||     6

Table legend: (Time is in decaauts)
 A = Elapsed time spent in this place.
 B = Non-inter-level travel time spent in this place.
 C = Inter-level travel time spent in this place.
 D = Time resting spent in this place.
 E = Time spent auto-exploring this place.
 F = Levels seen in this place.
 G = Mean time per level.
                   A        B        C        D        E       F      G
               +--------+--------+--------+--------+--------+-----+--------+
         Total |     38 |     38 |      0 |      0 |      0 |   1 |   38.0 |
       Dungeon |     38 |     38 |      0 |      0 |      0 |   1 |   38.0 |
               +--------+--------+--------+--------+--------+-----+--------+

Top non-repeatable levels by time:
     D:5: 38 daAuts
